 Dungeon Crawl Stone Soup version 0.31.0-7-gf635a9b802 (webtiles) character file.

Game seed: 2022856747561153876

50 Arctor the Shooter (level 4, -5/26 HPs)
             Began as a Kobold Hexslinger on Jan 24, 2024.
             Slain by an iguana (11 damage)
             ... on level 3 of the Dungeon.
             The game lasted 00:01:07 (1687 turns).

Arctor the Shooter (Kobold Hexslinger)              Turns: 1687, Time: 00:01:08

Health: -5/26      AC:  2    Str:  5    XL:     4   Next: 4%
Magic:  4/6        EV: 15    Int: 14    God:
Gold:   76         SH:  0    Dex: 19    Spells: 1/6 levels left

rFire   . . .        a - +1 sling
rCold   . . .        (no shield)
rNeg    . . .        c - +0 robe
rPois   .            (no helmet)
rElec   .            (no cloak)
rCorr   .            (no gloves)
SInv    .            (no boots)
Will    .....        (no amulet)
Stlth   +++          (no ring)
HPRegen 0.24/turn    (no ring)
MPRegen 0.10/turn

%: no passive effects
@: weak-willed, jinxed
A: small, no large weapons, nightstalker 3
a: no special abilities


You were on level 3 of the Dungeon.
You visited 1 branch of the dungeon, and saw 3 of its levels.

You collected 76 gold pieces.

Inventory:

Hand Weapons
 a - a +1 sling (weapon)
 f - a +0 dagger of speed
Armour
 c - a +0 robe (worn)
Scrolls
 b - a scroll of poison
 d - a scroll of teleportation
 g - 2 scrolls of butterflies {unknown}
 i - a scroll of identify {unknown}
 j - a scroll of enchant armour {unknown}
 l - a scroll of fear {unknown}
 m - 2 scrolls of brand weapon {unknown}
 o - a scroll of amnesia {unknown}
Potions
 e - a potion of enlightenment {unknown}
 h - a potion of degeneration {unknown}
 k - a potion of curing {unknown}
 n - a potion of cancellation {unknown}


   Skills:
 + Level 1.8 Fighting
 + Level 3.4 Ranged Weapons
 + Level 3.0 Dodging
 + Level 1.6 Spellcasting
 + Level 3.3 Hexes
 - Level 1.4 Fire Magic


You had one spell level left.
You knew the following spells:

 Your Spells              Type           Power      Damage    Failure   Level
a - Jinxbite              Hex            20%        N/A       10%         2
b - Inner Flame           Hex/Fire       7%         N/A       28%         3

Your spell library contained the following spells:

 Spells                   Type           Power      Damage    Failure   Level
 Slow                     Hex            40%        N/A       6%          1
 Confusing Touch          Hex            10%        N/A       19%         3
 Sigil of Binding         Hex            10%        N/A       19%         3
 Cause Fear               Hex            5%         N/A       54%         4
 Call Canine Familiar     Summ           1%         N/A       58%         3
 Vampiric Draining        Necr           1%         2d6       58%         3
 Dimensional Bullseye     Hex/Tloc       2%         N/A       77%         4


Dungeon Overview and Level Annotations

Branches:
Dungeon (3/15)

Altars:


Innate Abilities, Weirdness & Mutations

You are small and have problems with some larger weapons.
You are completely attuned to the shadows.


Message History

No target in view!
Done exploring.
No target in view!
Done exploring.
Okay, then.
What level of the Dungeon? (default 2, ? - help)
There is a stone staircase leading down here.
You climb downwards.
The iguana hisses angrily.
There is a stone staircase leading up here.
An iguana is nearby!
An iguana is nearby!
You shoot a sling bullet.
The sling bullet closely misses the iguana.
An iguana is nearby!
You shoot a sling bullet. The sling bullet hits the iguana.
The iguana is lightly wounded.
An iguana is nearby!
You shoot a sling bullet.
The sling bullet barely misses the iguana.
The iguana bites you!
An iguana is nearby!
You shoot a sling bullet.
The sling bullet barely misses the iguana.
The iguana closely misses you.
Cast which spell? (? or * to list)
You beckon some vexing sprites to accompany your attacks.
You feel your willpower being sapped. The iguana bites you.
You shoot a sling bullet.
The sling bullet barely misses the iguana.
The iguana barely misses you. The iguana bites you.
You shoot a sling bullet.
The sling bullet hits the iguana but does no damage.
The iguana is lightly wounded.
The iguana bites you.
* * * LOW HITPOINT WARNING * * *
You shoot a sling bullet.
The sling bullet barely misses the iguana.
The iguana bites you!
You die... # .# ####..# #.@l..# #.##.## #. # #. #.

You could see an iguana.

Vanquished Creatures
  2 gnolls (D:1)
  A dart slug (D:1)
  4 ball pythons
  An endoplasm (D:1)
  2 giant cockroaches (D:1)
  4 hobgoblins (D:1)
  2 jackals (D:1)
  5 bats
  A frilled lizard (D:1)
  2 goblins
  A kobold (D:1)
  4 rats
29 creatures vanquished.

Notes
Turn   | Place    | Note
-------+----------+-------------------------------------------
     0 | D:1      | Arctor the Kobold Hexslinger began the quest for the Orb.
     0 | D:1      | Reached XP level 1. HP: 12/12 MP: 2/2
    70 | D:1      | Reached XP level 2. HP: 16/16 MP: 3/3
    86 | D:1      | Reached XP level 3. HP: 2/20 MP: 3/5
   265 | D:1      | Learned a level 2 spell: Jinxbite
   644 | D:1      | Learned a level 3 spell: Inner Flame
  1275 | D:2      | Reached XP level 4. HP: 26/26 MP: 6/6
  1687 | D:3      | Slain by an iguana

Illustrated notes

Levels and vault maps discovered:
D:1:      dpeg_arrival_rooms_a, layout_rooms
D:2:      layout_basic
D:3:      layout_loops_ring, mainiacjoe_overflow_alcove_2,
          nicolae_tso_besieged_by_evil, uniq_terence

Skill      XL: |  1  2  3 |
---------------+----------+-----
Ranged Weapons | 3 |  3.4
Dodging        | 3 |  3.0
Fighting       | |  1.8
Spellcasting   | |  1.6
Hexes          | |  3.3
Fire Magic     | |  1.4

Action                     |  1- 3 |  4- 6 || total
---------------------------+-------+-------++-------
   Fire: Sling             |    80 |    17 ||    97
   Cast: Jinxbite          |       |     1 ||     1
    Use: Scroll            |     1 |       ||     1
 Armour: Robe              |    30 |    10 ||    40
  Dodge: Dodged            |    64 |     6 ||    70
